 Dungeon Crawl Stone Soup version 0.28.0-56-g4927b6849a (webtiles) character file.

Game seed: 3541750725969088492

1099 bladeefan the Skirmisher (level 8, -1/51 HPs)
             Began as a Demonspawn Chaos Knight on May 19, 2022.
             Was a Plaything of Xom.
             Slain by a hornet (12 damage)
             ... on level 5 of the Dungeon on Feb 4, 2023.
             The game lasted 00:07:31 (6550 turns).

bladeefan the Skirmisher (Demonspawn Chaos Knight)  Turns: 6550, Time: 00:07:35

Health: -1/51      AC: 15    Str: 16    XL:     8   Next: 10%
Magic:  8/8        EV:  5    Int: 15    God:    Xom [......]
Gold:   305        SH:  0    Dex: 12    Spells: 7/7 levels left

rFire   . . .      SeeInvis .   c - +1 flail
rCold   . . .      Faith    .   (no shield)
rNeg    . . .      Spirit   .   b - +0 plate armour
rPois   .          Reflect  .   (helmet restricted)
rElec   .          Harm     .   (no cloak)
rCorr   .          Rampage  .   (no gloves)
Will    .....      Clarity  +   (no boots)
Stlth   ..........              (no amulet)
HPRegen 0.17/turn               (no ring)
MPRegen 0.11/turn               (no ring)

@: slowed, unable to read, very slow
A: horns 1, icy blue scales 2, spiny 1, fangs 1, talons 1, clarity, clever 1,
frail 2, inability to read while threatened, MP-powered wands
a: Renounce Religion


You were on level 5 of the Dungeon.
You worshipped Xom.
You were a very special plaything of Xom.
You visited 1 branch of the dungeon, and saw 6 of its levels.

You collected 305 gold pieces.

Inventory:

Hand Weapons
 c - a +1 flail (weapon)
Armour
 b - a +0 plate armour (worn)
Jewellery
 g - a ring of willpower
 v - a ring of protection from cold
Wands
 r - a wand of iceblast (9)
Scrolls
 d - a scroll of immolation
 h - a scroll of noise
 i - a scroll of teleportation
 k - a scroll of enchant armour {unknown}
 l - a scroll of magic mapping {unknown}
 m - a scroll of fog {unknown}
 n - a scroll of torment {unknown}
 o - a scroll of amnesia {unknown}
 p - a scroll of identify
Potions
 a - a potion of brilliance {unknown}
 e - a potion of lignification
 f - a potion of mutation {unknown}
 q - a potion of degeneration {unknown}
 s - a potion of attraction {unknown}
 u - a potion of invisibility {unknown}


   Skills:
 * Level 6.2 Fighting
 + Level 5.6 Maces & Flails
 + Level 4.8 Armour
 + Level 1.9 Dodging
 + Level 0.7 Stealth


You had 7 spell levels left.
You didn't know any spells.
Your spell library was empty.

Dungeon Overview and Level Annotations

Branches:
Dungeon (6/15)             Temple (0/1) D:5

Altars:
Ashenzari
Hepliaklqana
Makhleb
Nemelex Xobeh


Innate Abilities, Weirdness & Mutations

You have a pair of small horns on your head.
You are mostly covered in icy blue scales. (AC +3)
You are partially covered in sharp spines.
You have very sharp teeth.
You have sharp toenails.
You possess an exceptional clarity of mind.
Your mind is acute. (Int +2)
You are very frail. (-20% HP)
You sometimes lose the ability to read scrolls when taking damage.
You expend magic power (3 MP) to strengthen your wands.


Message History

Done waiting.
There is a stone staircase leading down here.
You climb downwards.
The water moccasin is struck by your spines.
The water moccasin bites you but does no damage.
There is a stone staircase leading up here.
The water moccasin bites you but does no damage.
You climb upwards.
There is a stone staircase leading down here.
You hit the water moccasin. Your kick misses the water moccasin.
The water moccasin is heavily wounded.
The water moccasin is struck by your spines.
The water moccasin barely misses you.
The water moccasin is struck by your spines.
The water moccasin bites you!
You hit the water moccasin but do no damage.
Your kick misses the water moccasin. You headbutt the water moccasin.
The water moccasin is almost dead.
The water moccasin is struck by your spines.
You kill the water moccasin!
You have reached level 8!
You feel stronger.
Your demonic ancestry asserts itself...
Your mutations feel more permanent.
You climb downwards.
The hornet stings you.
You feel yourself slow down. The hornet stings you!
You feel threatened and lose the ability to read scrolls!
You suddenly lose the ability to move!
You can move again.
There is a stone staircase leading up, spattered with blood here.
You closely miss the hornet. You claw the hornet, but do no damage.
Your bite misses the hornet. The hornet completely misses you.
The hornet stings you!
You feel as though you will be slow longer.
You hit the hornet but do no damage. Your kick misses the hornet.
The hornet stings you!
* * * LOW HITPOINT WARNING * * *
You feel as though you will be slow longer.
The hornet stings you!
You die...
Xom guffaws!

...#....######^..................
.##.......#.#.......#.........##.
.##.................#......#.....
>..........................#.....
......##.####.#.##.......##......
.........####.#...##.....##......
..........#....##..#.....##......
...................[.....##......
)).#####.......y@.##.............
.))# ###..........##.....##.##...
...# #......................##...
.))###.....###..##.....##.###...ยง
...........# #.###.....##.####..>
.#.#.#....[###.#.......##.#......
#.#.........##...................
.#.#........##...#...8#8....##...
..#.........#....#...#$#.#..##...


You could see a hornet.

Vanquished Creatures
  2 water moccasins (D:4)
  An ice beast (D:5)
  A scorpion (D:5)
  A water moccasin zombie (D:5)
  A centaur zombie (D:5)
  2 jellies
  A centaur skeleton (D:5)
  An orc priest (D:5)
  2 iguanas (D:5)
  3 orc wizards
  2 hound skeletons (D:5)
  7 adders
  18 gnolls
  An adder skeleton (D:4)
  A worm (D:4)
  5 dart slugs
  14 orcs
  12 ball pythons
  6 bats
  8 endoplasms
  3 giant cockroaches
  7 goblins
  8 hobgoblins
  5 jackals (D:4)
  10 kobolds
  A quokka (D:4)
  3 frilled lizards
  7 rats
133 creatures vanquished.

Vanquished Creatures (collateral kills)
  A gnoll (D:3)
  An adder (D:4)
  An orc (D:4)
3 creatures vanquished.

Grand Total: 136 creatures vanquished

Notes
Turn   | Place    | Note
-------+----------+-------------------------------------------
     0 | D:1      | bladeefan the Demonspawn Chaos Knight began the quest for
                  | the Orb.
     0 | D:1      | Reached XP level 1. HP: 18/18 MP: 1/1
   119 | D:1      | XOM: potion effect (berserk rage)
   129 | D:1      | Gained mutation: You are partially covered in icy blue
                  | scales. (AC +2) [demonic ancestry]
   129 | D:1      | Reached XP level 2. HP: 24/24 MP: 2/2
   152 | D:1      | XOM: divination: detect creatures
   156 | D:1      | Upgraded the game from 0.28.0-49-g6dfe1f597d to
                  | 0.28.0-56-g4927b6849a
   252 | D:1      | Found a faded altar of an unknown god.
   510 | D:1      | Reached skill level 1 in Dodging
   953 | D:1      | Reached XP level 3. HP: 30/30 MP: 3/3
  1309 | D:1      | XOM: stat loss: -1 Dex (11/12)
  1664 | D:2      | XOM: chaos upgrade
  1736 | D:2      | XOM: 1-stop teleportation journey
  1809 | D:2      | XOM: confuse monster(s)
  1973 | D:1      | XOM: god gift: scroll labelled JOC VAGGEHIE {god gift}
  2013 | D:1      | XOM: god gift: 34 gold pieces
  2016 | D:1      | XOM: summons friendly crimson imp
  2028 | D:1      | Reached skill level 4 in Fighting
  2028 | D:1      | Gained mutation: You are partially covered in sharp spines.
                  | [demonic ancestry]
  2028 | D:1      | Reached XP level 4. HP: 8/37 MP: 4/4
  2340 | D:1      | XOM: give mutations
  2340 | D:1      | Gained mutation: You passively map a small area around you.
                  | [Xom's grace]
  2340 | D:1      | Gained mutation: You have sharp toenails. [Xom's grace]
  2340 | D:1      | Gained mutation: Your mind is acute. (Int +2) [Xom's grace]
  2340 | D:1      | Gained mutation: You are agile. (Dex +2) [Xom's grace]
  2585 | D:2      | XOM: cleaving
  2639 | D:2      | Found a burning altar of Makhleb.
  2665 | D:2      | XOM: give mutations
  2665 | D:2      | Gained mutation: You are resistant to electric shocks.
                  | (rElec) [Xom's grace]
  2665 | D:2      | Gained mutation: You have a pair of small horns on your
                  | head. [Xom's grace]
  2665 | D:2      | Gained mutation: You have very sharp teeth. [Xom's grace]
  2841 | D:3      | XOM: give mutation
  2841 | D:3      | Gained mutation: You have hidden genetic potential. [Xom's
                  | grace]
  3005 | D:3      | Reached XP level 5. HP: 32/43 MP: 5/5
  3104 | D:3      | Gained mutation: You possess an exceptional clarity of
                  | mind. [hidden potential]
  3164 | D:3      | Found a sparkling altar of Nemelex Xobeh.
  3194 | D:3      | Found a hazy altar of Hepliaklqana.
  3301 | D:3      | XOM: summons friendly ufetubus
  3615 | D:3      | XOM: stat loss: -1 Int (14/15)
  3683 | D:3      | XOM: give mutations
  3683 | D:3      | Lost mutation: You have hidden genetic potential. [Xom's
                  | mischief]
  3683 | D:3      | Lost mutation: You are resistant to electric shocks.
                  | (rElec) [Xom's mischief]
  3683 | D:3      | Gained mutation: You sometimes lose the ability to read
                  | scrolls when taking damage. [Xom's mischief]
  3683 | D:3      | Gained mutation: You are frail. (-10% HP) [Xom's mischief]
  4123 | D:3      | XOM: give mutations
  4123 | D:3      | Gained mutation: You expend magic power (3 MP) to
                  | strengthen your wands. [Xom's grace]
  4123 | D:3      | Gained mutation: Your system is resistant to poisons.
                  | (rPois) [Xom's grace]
  4123 | D:3      | Gained mutation: Your muscles are strong. (Str +2) [Xom's
                  | grace]
  4219 | D:4      | Reached XP level 6. HP: 44/45 MP: 6/6
  4424 | D:4      | Noticed a water moccasin
  4429 | D:4      | XOM: potion effect (berserk rage)
  4430 | D:4      | Killed a water moccasin
  4431 | D:4      | Reached skill level 5 in Fighting
  4657 | D:4      | XOM: give mutations
  4657 | D:4      | Lost mutation: You are agile. (Dex +2) [Xom's mischief]
  4657 | D:4      | Lost mutation: You sometimes lose the ability to read
                  | scrolls when taking damage. [Xom's mischief]
  4657 | D:4      | Lost mutation: You passively map a small area around you.
                  | [Xom's mischief]
  4741 | D:5      | Entered Level 5 of the Dungeon
  4764 | D:5      | Gained mutation: You are mostly covered in icy blue scales.
                  | (AC +3) [demonic ancestry]
  4764 | D:5      | Reached XP level 7. HP: 50/50 MP: 7/7
  4816 | D:5      | HP: 2/50 [gnoll/+0 halberd (9)]
  5122 | D:5      | XOM: give mutations
  5122 | D:5      | Lost mutation: Your muscles are strong. (Str +2) [Xom's
                  | mischief]
  5122 | D:5      | Gained mutation: You are weak. (Str -2) [Xom's mischief]
  5122 | D:5      | Lost mutation: You are weak. (Str -2) [Xom's mischief]
  5143 | D:5      | XOM: 3-stop teleportation journey
  5170 | D:5      | Reached skill level 5 in Maces & Flails
  5352 | D:5      | XOM: god gift: staff of fire
  5431 | D:5      | Found a staircase to the Ecumenical Temple.
  5648 | D:5      | Found a broken altar of Ashenzari.
  5959 | D:5      | XOM: enchant monster (bad)
  5963 | D:5      | Reached skill level 6 in Fighting
  6086 | D:6      | Noticed a hornet
  6095 | D:5      | XOM: enchant monster (good)
  6105 | D:5      | XOM: give mutations
  6105 | D:5      | Gained mutation: You are very frail. (-20% HP) [Xom's
                  | mischief]
  6105 | D:5      | Lost mutation: Your system is resistant to poisons. (rPois)
                  | [Xom's mischief]
  6105 | D:5      | Gained mutation: You sometimes lose the ability to read
                  | scrolls when taking damage. [Xom's mischief]
  6138 | D:4      | XOM: summons 1 hostile shadow creature
  6140 | D:4      | XOM: polymorph giant cockroach -> gnoll
  6547 | D:4      | Mutation became permanent: You have a pair of small horns
                  | on your head. [demonic ancestry]
  6547 | D:4      | Gained mutation: You have a pair of small horns on your
                  | head. [demonic ancestry]
  6547 | D:4      | Reached XP level 8. HP: 43/51 MP: 8/8
  6548 | D:5      | Paralysed by a hornet for 1 turns
  6550 | D:5      | Slain by a hornet

Illustrated notes

Levels and vault maps discovered:
D:1:      matt_arrival_diagonals, layout_basic,
          nicolae_ecumenical_snake_handling
D:2:      layout_rooms, basic_altar
D:3:      layout_loops_corners, mainiacjoe_overflow_cross_hatched,
          mainiacjoe_overflow_alcove_1, kennysheep_generic_room_13
D:4:      layout_cave_pools
D:5:      layout_cave_pools, kennysheep_mini, minmay_temple_entry_sparse_star,
          hangedman_decor_riveting, minmay_statues_item
D:6:      layout_loops_ring, lemuel_blue_sif_altar, trog_butcher_becter,
          jmf_multi_god_temple, st_stairs_10, minmay_tree_intersection

Skill      XL: |  1  2  3  4  5  6  7 |
---------------+----------------------+-----
Armour         | 2 3 4 |  4.8
Dodging        | 1 |  1.9
Maces & Flails | 3 4 5 |  5.6
Fighting       | 4 5 6 |  6.2
Stealth        | |  0.7

Action                   |  1- 3 |  4- 6 |  7- 9 || total
-------------------------+-------+-------+-------++-------
Melee: Mace              |   122 |     2 |       ||   124
       Punch             |     2 |     3 |     3 ||     8
       Flail             |       |   100 |    86 ||   186
       Kick              |       |    23 |    22 ||    45
       Headbutt          |       |    21 |    12 ||    33
       Bite              |       |     6 |     8 ||    14
  Use: Potion            |     2 |       |     1 ||     3
       Scroll            |     1 |     5 |     1 ||     7
 Stab: Sleeping          |     1 |       |       ||     1
Armor: Leather armour    |    76 |       |       ||    76
       Skin              |     3 |     1 |       ||     4
       Plate armour      |       |    69 |    90 ||   159
       Ring mail         |       |     7 |       ||     7
Dodge: Dodged            |   107 |    36 |    35 ||   178
